 Dungeon Sprint DCSS version 0.29.1-15-g9cfb28693d (webtiles) character file.

Game seed: 14189780106028419109

120 Ast3rio the Reanimator (level 6, -6/26 HPs)
             Began as a Deep Elf Necromancer on Mar 15, 2023.
             Was an Initiate of Gozag.
             Mangled by a cane toad (22 damage)
             ... in the Dungeon (Sprint VI: "Thunderdome").
             The game lasted 00:08:19 (478 turns).

Ast3rio the Reanimator (Deep Elf Necromancer)        Turns: 478, Time: 00:08:21

Health: -6/26      AC:  1    Str:  5    XL:     6   Next: 71%
Magic:  2/21       EV: 13    Int: 20    God:    Gozag
Gold:   559        SH:  0    Dex: 13    Spells: 28/29 levels left

rFire   . . .      SeeInvis .     - Unarmed
rCold   . . .      Faith    .   (no shield)
rNeg    . . .      Spirit   .   a - +0 robe
rPois   .          Reflect  .   (no helmet)
rElec   .          Harm     .   (no cloak)
rCorr   .          Rampage  .   (no gloves)
Will    .....      Rage     3%  (no boots)
Stlth   ++........ NoTele   +   (no amulet)
HPRegen 0.08/turn               (no ring)
MPRegen 0.17/turn               (no ring)

@: unable to read
A: hooves 1, berserk 1, clumsy 1, deformed body, deterioration 1, dopey 1, frail
2, low MP 1, screaming 1, inability to read after injury 1
a: Renounce Religion, Potion Petition, Call Merchant, Bribe Branch


You were in the Dungeon.
You worshipped Gozag.
Gozag was pleased with you.
You visited 1 branch You collected 1084 gold pieces.
You spent 525 gold pieces at shops.

Inventory:

Armour
 a - a +0 robe (worn)
Wands
 f - a wand of polymorph (10)
 i - a wand of quicksilver (5)
 j - a wand of iceblast (5)
Scrolls
 g - 4 scrolls of blinking
 k - 3 scrolls of butterflies
Potions
 b - 2 potions of magic
 c - a potion of curing
 d - 14 potions of heal wounds
 e - 4 potions of haste
 h - a potion of resistance


   Skills:
 + Level 0.6 Fighting
 + Level 4.3 Dodging
 + Level 3.4 Stealth
 + Level 1.8 Unarmed Combat
 + Level 12.1 Spellcasting
 + Level 13.1 Necromancy


You had 28 spell levels left.
You knew the following spells:

 Your Spells              Type           Power      Damage    Failure   Level
a - Necrotise             Necr           100%       1d9       1%          1

Your spell library contained the following spells:

 Spells                   Type           Power      Damage    Failure   Level
 Vampiric Draining        Necr           59%        2d10      1%          3
 Agony                    Necr           59%        N/A       1%          5
 Animate Dead             Necr           Unusable   N/A       N/A         4

Dungeon Overview and Level Annotations

Branches:
Dungeon (1/1)

Altars:
Cheibriados
Dithmenos
Fedhas
Gozag
Kikubaaqudgha
Makhleb
Okawaru
Qazlal
Ru
Sif Muna
Trog
Uskayaw
Vehumet
Wu Jian
Xom
Yredelemnul
Zin
The Shining One
Lugonu

Shops:
D *[??*?*:[((!!!!


Innate Abilities, Weirdness & Mutations

You have large cloven feet.
You sometimes lose your temper in combat.
You are clumsy. (Dex -2)
Armour fits poorly on your strangely shaped body.
Your body sometimes deteriorates upon taking damage.
You are dopey. (Int -2)
You are very frail. (-20% HP)
Your magical capacity is low. (-10% MP)
You occasionally shout uncontrollably at your foes.
You occasionally lose the ability to read scrolls when taking damage.


Message History

The blink frog gives a loud, deep croak!
A cane toad comes into view.
Casting: Necrotise (safe; 1% risk of failure)
Confirm with . or Enter, or press ? or * to list all spells.
Aiming: Necrotise (safe; 1% risk of failure)
Press: ? - help, Shift-Dir - straight line, f - blink frog
Aim: a blink frog (chance to affect: 70%)
The blink frog writhes in agony.
The cane toad croaks.
The blink frog barely misses you.
Casting: Necrotise (safe; 1% risk of failure)
Confirm with . or Enter, or press ? or * to list all spells.
Aiming: Necrotise (safe; 1% risk of failure)
Press: ? - help, Shift-Dir - straight line, f/p - blink frog
Aim: a blink frog (lightly wounded, chance to affect: 70%)
The blink frog struggles to resist.
The blink frog hits you. The blink frog misses you.
Casting: Necrotise (safe; 1% risk of failure)
Confirm with . or Enter, or press ? or * to list all spells.
Aiming: Necrotise (safe; 1% risk of failure)
Press: ? - help, Shift-Dir - straight line, f/p - blink frog
Aim: a blink frog (lightly wounded, chance to affect: 70%)
The blink frog writhes in agony.
The blink frog blinks!
Casting: Necrotise (safe; 1% risk of failure)
Confirm with . or Enter, or press ? or * to list all spells.
Aiming: Necrotise (safe; 1% risk of failure)
Press: ? - help, Shift-Dir - straight line, f - cane toad, p - blink frog
Aim: a cane toad (chance to affect: 83%)
The cane toad writhes in agony.
Casting: Necrotise (safe; 1% risk of failure)
Confirm with . or Enter, or press ? or * to list all spells.
Aiming: Necrotise (safe; 1% risk of failure)
Press: ? - help, Shift-Dir - straight line, f/p - cane toad
Aim: a cane toad (lightly wounded, chance to affect: 83%)
The cane toad writhes in agony!
The blink frog blinks!
The cane toad stings you!!
You feel threatened and lose the ability to read scrolls!
Ouch! That really hurt!
You die...
Your body crumbles into a pile of gold.

#.....# ##.....## ##∩.[...∩##
#∩.......∩# #_...)..._#
#..(....._# #_......._#
###.........### #⌠.......@F..⌠#
######.8.........8.######
##.___......###......___∩##
##∩........8.# #.8........∩###
.............###....§..F.....##
..........###...###..........⌠#
..........# #.<.# #..........⌠#
........).###...###..........⌠#
.............###.............##


You could see a cane toad and a blink frog.

Vanquished Creatures
  3 floating eyes (D)
  A kobold brigand (D)
  A jelly (D)
  Ijyb (D)
  An adder (D)
  An endoplasm (D)
  3 hobgoblins (D)
  A ball python (D)
  3 kobolds (D)
15 creatures vanquished.

Notes
Turn   | Place    | Note
-------+----------+-------------------------------------------
     0 | D        | Ast3rio the Deep Elf Necromancer began the quest for the
                  | Orb.
     0 | D        | Reached XP level 1. HP: 10/10 MP: 6/6
     4 | D        | Found a snail-covered altar of Cheibriados.
     4 | D        | Found a stormy altar of Qazlal.
     5 | D        | Found a blossoming altar of Fedhas.
     5 | D        | Round 1.
     6 | D        | Found an opulent altar of Gozag.
     6 | D        | Found a glowing silver altar of Zin.
     7 | D        | Found Qumemo Kiov's Distillery.
     7 | D        | Found a hide-covered altar of Uskayaw.
     7 | D        | Found an ornate altar of the Wu Jian Council.
     7 | D        | Found Lippaxt's Do-It-Yourself Clinic.
     8 | D        | Found Ucwahob's Distillery.
     8 | D        | Found Betel's Bottled Wisdom.
     8 | D        | Found a shadowy altar of Dithmenos.
    14 | D        | Became a worshipper of Gozag Ym Sagoz the Greedy
    22 | D        | Found an ancient bone altar of Kikubaaqudgha.
    24 | D        | Found a basalt altar of Yredelemnul.
    26 | D        | Found a burning altar of Makhleb.
    30 | D        | Reached skill level 5 in Necromancy
    30 | D        | Found Toydewk's Weapon Rack.
    31 | D        | Found a glowing golden altar of the Shining One.
    31 | D        | Found a radiant altar of Vehumet.
    31 | D        | Found Dosinur's Premium Goods.
    32 | D        | Found Tuxiaral's Basic Armour.
    32 | D        | Found Axutt's Miscellaneous Merchandise.
    51 | D        | Found Daig's Staff Store.
    52 | D        | Found a corrupted altar of Lugonu.
    52 | D        | Found a sacrificial altar of Ru.
    52 | D        | Found Ajanyhy's Magic Scroll Shop.
    53 | D        | Found Uqyoniuxt's Must-Have Magic.
    53 | D        | Found Xusk's Magic Scroll Shop.
    63 | D        | Found a bloodstained altar of Trog.
    65 | D        | Found a shimmering altar of Xom.
    68 | D        | Found a shimmering blue altar of Sif Muna.
    70 | D        | Found an iron altar of Okawaru.
    70 | D        | Found Icaemita's Identification Station.
    71 | D        | Found Icvemp's Jewellery.
    71 | D        | Found Uvoimiro's Advanced Armour.
   117 | D        | Bought 3 potions of heal wounds for 105 gold pieces
   117 | D        | Bought 3 potions of heal wounds for 105 gold pieces
   169 | D        | Arena points: 12 (+12) [x2]
   170 | D        | Reached skill level 6 in Necromancy
   170 | D        | Reached XP level 2. HP: 15/15 MP: 1/8
   194 | D        | Round 2.
   215 | D        | Noticed Ijyb
   242 | D        | Noticed a kobold brigand
   244 | D        | Killed Ijyb
   245 | D        | Reached skill level 8 in Necromancy
   245 | D        | Reached XP level 3. HP: 11/19 MP: 8/11
   262 | D        | Killed a kobold brigand
   263 | D        | Reached skill level 1 in Unarmed Combat
   263 | D        | Reached skill level 9 in Necromancy
   263 | D        | Reached XP level 4. HP: 14/24 MP: 5/14
   350 | D        | Bought 3 potions of heal wounds for 105 gold pieces
   350 | D        | Bought 3 potions of heal wounds for 105 gold pieces
   350 | D        | Bought 3 potions of heal wounds for 105 gold pieces
   363 | D        | Arena points: 48 (+36) [x3]
   382 | D        | Round 3.
   383 | D        | Noticed a floating eye
   383 | D        | Noticed a shining eye
   384 | D        | Noticed a floating eye
   386 | D        | Paralysed by a floating eye for 3 turns
   391 | D        | Paralysed by a floating eye for 2 turns
   393 | D        | Killed a floating eye
   394 | D        | Reached skill level 11 in Necromancy
   394 | D        | Reached XP level 5. HP: 28/28 MP: 7/18
   394 | D        | Paralysed by a floating eye for 4 turns
   395 | D        | Gained mutation: You are clumsy. (Dex -2) [a shining eye]
   398 | D        | Gained mutation: Armour fits poorly on your strangely
                  | shaped body. [a shining eye]
   398 | D        | Noticed a floating eye
   399 | D        | Killed a floating eye
   400 | D        | Reached skill level 10 in Spellcasting
   400 | D        | Reached skill level 12 in Necromancy
   400 | D        | Reached XP level 6. HP: 32/32 MP: 5/21
   401 | D        | Paralysed by a floating eye for 2 turns
   406 | D        | Gained mutation: Your magical capacity is low. (-10% MP) [a
                  | shining eye]
   411 | D        | Paralysed by a floating eye for 3 turns
   413 | D        | Gained mutation: You are dopey. (Int -2) [a shining eye]
   418 | D        | Paralysed by a floating eye for 2 turns
   421 | D        | Gained mutation: You occasionally shout uncontrollably at
                  | your foes. [a shining eye]
   422 | D        | Gained mutation: You sometimes lose your temper in combat.
                  | [a shining eye]
   422 | D        | Paralysed by a floating eye for 3 turns
   425 | D        | Gained mutation: You are frail. (-10% HP) [a shining eye]
   426 | D        | Paralysed by a floating eye for 3 turns
   428 | D        | Gained mutation: Your body sometimes deteriorates upon
                  | taking damage. [a shining eye]
   429 | D        | Gained mutation: You have large cloven feet. [a shining
                  | eye]
   430 | D        | Killed a floating eye
   431 | D        | Reached skill level 13 in Necromancy
   431 | D        | Gained mutation: You occasionally lose the ability to read
                  | scrolls when taking damage. [a shining eye]
   436 | D        | Gained mutation: You are very frail. (-20% HP) [a shining
                  | eye]
   437 | D        | Arena points: 120 (+72) [x4]
   452 | D        | Round 4.
   468 | D        | Noticed a blink frog
   473 | D        | Noticed a cane toad
   478 | D        | Mangled by a cane toad

Illustrated notes

Levels and vault maps discovered:
D:        arena_sprint

Skill      XL: |  1  2  3  4  5  6 |
---------------+-------------------+-----
Necromancy     | 6 8 9 11 12 13 | 13.1
Dodging        | 3 4 |  4.3
Stealth        | 3 |  3.4
Spellcasting   | 4 6 9 10 12 | 12.1
Unarmed Combat | 1 |  1.8
Fighting       | |  0.6

Action                   |  1- 3 |  4- 6 || total
-------------------------+-------+-------++-------
Melee: Unarmed           |    21 |       ||    21
 Cast: Necrotise         |    17 |    46 ||    63
  Use: Potion            |     5 |     2 ||     7
Dodge: Dodged            |    21 |    11 ||    32
